AoeStats
← Křovák

Runestones

507116697Analyzed
1v1 RM · 16d ago on Sep 16, 2026· 42m 22s· 2 players
Game mode
Random Map
Map size
Tiny (2 player)
Population
200
Speed
Normal
Resources
Standard
Victory
Conquest
Starting age
Dark Age
Ending age
Imperial Age
RankedLock teamsTeams togetherTeam positionsShared explorationLock speedFull tech treeHidden civsTurbo modeCheats
Victory
Defeat
🇺🇸 Koreans · United States
828
+16
🇨🇿 Malians · Czechia
838
-16
MythicalDad
7:43 Loom
9:29 Feudal Age
10:59 Double-Bit Axe
11:42 Horse Collar
12:01 Man-at-Arms
13:38 Arson
20:10 Castle Age
19:00 Gold Mining
19:53 Fletching
20:44 Scale Mail Armor
20:14 Elite Skirmisher
21:13 Bow Saw
21:27 Bodkin Arrow
21:54 Stone Mining
24:46 Gambesons
25:03 Squires
25:20 Chain Mail Armor
37:44 Imperial Age
35:57 Wheelbarrow
35:09 Town Watch
39:39 Elite Fire Lancer
42:56 Ballistics
Křovák
8:57 Loom
9:12 Loom
11:51 Feudal Age
13:04 Double-Bit Axe
13:01 Horse Collar
16:20 Fletching
22:14 Castle Age
23:21 Crossbowman
24:05 Bodkin Arrow
24:12 Padded Archer Armor
26:19 Bow Saw
34:48 Town Watch
40:39 Imperial Age
40:09 Gold Mining
Connection lost

Rejoining the realm…

Still unreachable

The connection could not be restored.

Session expired

The server has moved on; the page needs a fresh start.